 Dungeon Crawl Stone Soup version 0.21.1-1-g345015fe64 (webtiles) character file.

51 JOKERXD40 the Firebug (level 3, -5/26 HPs)
             Began as a Draconian Fire Elementalist on May 25, 2018.
             Slain by a gnoll
             ... wielding a +3 whip of flaming
              (9 damage)
             ... on level 2 of the Dungeon.
             The game lasted 00:09:32 (878 turns).

JOKERXD40 the Firebug (Draconian Fire Elementalist)  Turns: 878, Time: 00:09:33

Health: -5/26      AC:  5    Str: 10    XL:     3   Next: 57%
Magic:  3/6        EV: 12    Int: 16    God:
Gold:   78         SH:  0    Dex: 11    Spells: 5/6 levels left

rFire    . . .     SeeInvis .   k - -1 short sword (curse)
rCold    . . .     Gourm    .   (no shield)
rNeg     . . .     Faith    .   (armour unavailable)
rPois    .         Spirit   .   (helmet restricted)
rElec    .         Reflect  .   (no cloak)
rCorr    .         Harm     .   (no gloves)
MR       .....                  (no boots)
Stlth    ++........             (no amulet)
HPRegen  0.08/turn              m - ring of wizardry
MPRegen  0.10/turn              (no ring)

@: no status effects
A: unfitting armour, cold-blooded, AC +5
a: no special abilities


You were on level 2 of the Dungeon.
You were not hungry.

You visited 1 branch of the dungeon, and saw 3 of its levels.

You collected 78 gold pieces.

Inventory:

Hand Weapons
 f - a +0 short sword
 j - a +0 blowgun
 k - a cursed -1 short sword (weapon)
Missiles
 l - 13 poisoned needles
Jewellery
 m - a ring of wizardry (left hand)
Scrolls
 d - 2 scrolls of identify
Potions
 c - a potion of agility {unknown}
 e - a potion of curing {unknown}
 h - a potion of flight
Books
 a - a book of Flames

   Spells                             Type                      Level
   a - Flame Tongue                   Conjuration/Fire             1
   b - Throw Flame                    Conjuration/Fire             2
   c - Conjure Flame                  Conjuration/Fire             3
   d - Inner Flame                    Hexes/Fire                   3
   e - Sticky Flame                   Conjuration/Fire             4
   f - Fireball                       Conjuration/Fire             5
Comestibles
 b - 5 rations


   Skills:
 + Level 0.1 Fighting
 + Level 2.4 Dodging
 + Level 2.2 Stealth
 + Level 2.4 Spellcasting
 + Level 1.0 Conjurations
 + Level 3.5 Fire Magic


You had 5 spell levels left.
You knew the following spells:

 Your Spells              Type           Power        Failure   Level  Hunger
a - Flame Tongue          Conj/Fire      #....        3%          1    #......


Dungeon Overview and Level Annotations

Branches:
Dungeon (3/15)

Altars:


Innate Abilities, Weirdness & Mutations

Your plain brown scales are hard. (AC +5)
You cannot fit into any form of body armour.
You are cold-blooded and may be slowed by cold attacks.


Message History

Confirm with . or Enter, or press ? or * to list all spells.
Aiming: Flame Tongue
Press: ? - help, Shift-Dir - straight line, f - gnoll
Aim: a gnoll, wielding a whip of flaming The flame tongue misses the gnoll.
The gnoll hits you with a whip of flaming!
The gnoll burns you.
You can't go down here!
The gnoll barely misses you.
The gnoll hits you with a whip of flaming!
* * * LOW HITPOINT WARNING * * *
The gnoll burns you.
* * * LOW HITPOINT WARNING * * *
You climb upwards.
There is a stone staircase leading down here.
The gnoll misses you.
You climb downwards.
There is a stone staircase leading up here.
The gnoll hits you with a whip of flaming!
You die...

##.# ##.....##
### ##.# ##...##
#..# ##+## #.##
#.# #.# #.#
#.#########.#####
#.#.............#
#[..#..##...g.#.#
#..###.###..@##
##..#..##..†##
##...###...# ####
#'g## #........#
#..........#
#............#
..............#
............g..


You could see 2 gnolls.

Vanquished Creatures
  An adder (D:2)
  2 leopard geckos
  3 bats
  3 giant cockroaches
  3 goblins
  4 hobgoblins
  7 jackals
  A quokka (D:2)
  3 frilled lizards
  5 kobolds
  3 rats (D:1)
35 creatures vanquished.

Notes
Turn   | Place    | Note
-------+----------+-------------------------------------------
     0 | D:1      | JOKERXD40 the Draconian Fire Elementalist began the quest for the Orb.
     0 | D:1      | Reached XP level 1. HP: 14/14 MP: 3/3
   127 | D:1      | Reached XP level 2. HP: 10/20 MP: 0/5
   588 | D:3      | Reached XP level 3. HP: 21/26 MP: 4/6
   878 | D:2      | Slain by a gnoll

Skill      XL: |  1  2 |
---------------+-------+-----
Stealth        | 2 |  2.2
Dodging        | 2 |  2.4
Fighting       | |  0.1
Spellcasting   | |  2.4
Conjurations   | |  1.0
Fire Magic     | |  3.5

Action                   || total
-------------------------++-------
Melee: Unarmed           ||    11
       Tailslap          ||     2
       Short sword       ||     7
 Cast: Flame Tongue      ||    51
  Use: Scroll            ||     5
  Eat: Ration            ||     1
Armor: Skin              ||    21
Dodge: Dodged            ||    43
